 Dungeon Crawl Stone Soup version 0.17-a0-2115-g0d8b93e (webtiles) character file.

12278 Ishikawa the Thaumaturge (level 11, 0/81 HPs)
             Began as a Mummy Wizard on Oct 20, 2015.
             Was a Believer of Kikubaaqudgha.
             Slain by an orc
             ... wielding a +0 flail
              (4 damage)
             ... on level 1 of the Orcish Mines.
             The game lasted 01:31:33 (12349 turns).

Ishikawa the Thaumaturge (Mummy Wizard)            Turns: 12349, Time: 01:31:34

Health: 0/81       AC: 11    Str: 15    XL:     11   Next: 60%
Magic:  20/23      EV: 11    Int: 21    God:    Kikubaaqudgha [**....]
Gold:   661        SH:  4    Dex: 11    Spells: 7 memorised, 10 levels left

rFire  x . .     SeeInvis .     u - +2 flail (drain)
rCold  + . .     Clarity  +     I - +0 troll leather armour
rNeg   + + +     SustAt   .     a - +0 buckler
rPois  ∞         Gourm    .     r - +2 hat
rElec  .         Spirit   .     A - +2 cloak {+Inv}
rCorr  .         Warding  .     (no gloves)
rMut   .         Stasis   .     w - +0 pair of boots
MR     +....                    d - amulet of clarity
Stlth  ++........               i - +5 ring of evasion
                                h - +5 ring of strength

@: somewhat resistant to hostile enchantments, unstealthy
A: no food or potions, fire vulnerability, cold resistance 1, negative energy
resistance 3, torment resistance, unbreathing
a: Receive Corpses, Renounce Religion, Evoke Invisibility


You were on level 1 of the Orcish Mines.
You worshipped Kikubaaqudgha.
Kikubaaqudgha was pleased with you.
You were not hungry.

You visited 4 branches of the dungeon, and saw 15 of its levels.
You also visited: Ice Cave.

You collected 661 gold pieces.

Inventory:

Hand Weapons
 u - a +2 flail of draining (weapon)
 C - the +2 rapier of the Hand {flame, Str-2 Dex+6}
   (You found it on level 7 of the Dungeon)

   It has been specially enchanted to burn those struck by it, causing extra
   injury to most foes and up to half again as much damage against particularly
   susceptible opponents.
   It affects your strength (-2).
   It affects your dexterity (+6).
Armour
 a - a +0 buckler (worn)
 r - a +2 hat (worn)
 w - a +0 pair of boots (worn)
 z - the +1 scale mail "Naz Nore" {rElec rC+ Int+4}
   (You found it on level 6 of the Dungeon)

   It affects your intelligence (+4).
   It protects you from cold.
   It insulates you from electricity.
 A - a +2 cloak of invisibility (worn)
 I - a +0 troll leather armour (worn)
Magical Staves
 s - an uncursed staff of air
Jewellery
 d - an amulet of clarity (around neck)
 e - an uncursed ring of flight
 h - a +5 ring of strength (left hand)
 i - a +5 ring of evasion (right hand)
 o - an uncursed ring of wizardry {unknown}
 y - an uncursed ring of sustain attributes
Wands
 t - a wand of confusion (48)
 G - a wand of frost (10)
Scrolls
 f - a scroll of immolation
 g - a scroll of blinking
 j - 6 scrolls of identify
 l - a scroll of recharging
 m - a scroll of teleportation
 n - 3 scrolls of enchant weapon
 p - a scroll of remove curse
 q - a scroll of noise
 v - 2 scrolls of amnesia
 x - a scroll of fog
 B - a scroll of random uselessness
Books
 b - a book of Callings

   Spells                             Type                      Level
   a - Summon Small Mammal            Summoning                    1
   b - Call Imp                       Summoning                    2
   c - Call Canine Familiar           Summoning                    3
   d - Summon Guardian Golem          Hexes/Summoning              3
   e - Summon Lightning Spire         Summoning/Air                4
   f - Summon Ice Beast               Ice/Summoning                4
 c - a book of Minor Magic

   Spells                             Type                      Level
   a - Magic Dart                     Conjuration                  1
   b - Blink                          Translocation                2
   c - Call Imp                       Summoning                    2
   d - Repel Missiles                 Charms/Air                   2
   e - Slow                           Hexes                        2
   f - Conjure Flame                  Conjuration/Fire             3
   g - Mephitic Cloud                 Conjuration/Poison/Air       3
 k - Kikubaaqudgha's Disquisition on Evil Arts
   (Kikubaaqudgha gifted it to you on level 11 of the Dungeon)

   Spells                             Type                      Level
   a - Animate Skeleton               Necromancy                   1
   b - Pain                           Necromancy                   1
   c - Corpse Rot                     Necromancy                   2
   d - Vampiric Draining              Necromancy                   3
   e - Control Undead                 Necromancy                   4
 H - a book of Death

   Spells                             Type                      Level
   a - Corpse Rot                     Necromancy                   2
   b - Sublimation of Blood           Necromancy                   2
   c - Agony                          Necromancy                   5
   d - Dispel Undead                  Necromancy                   5
   e - Excruciating Wounds            Charms/Necromancy            5
   f - Bolt of Draining               Conjuration/Necromancy       5


   Skills:
 - Level 6.0 Fighting
 - Level 4.0 Armour
 - Level 1.5 Dodging
 - Level 2.0 Stealth
 - Level 4.0 Shields
 + Level 8.1 Spellcasting
 + Level 7.2 Conjurations
 - Level 2.0 Hexes
 + Level 7.0 Summonings
 + Level 4.5 Necromancy
 + Level 1.7 Translocations
 - Level 1.0 Fire Magic
 - Level 2.0 Air Magic
 - Level 2.0 Poison Magic


You had 10 spell levels left.
You knew the following spells:

 Your Spells              Type           Power        Failure   Level  Hunger
a - Magic Dart            Conj           ####         1%          1    N/A
b - Call Imp              Summ           #####...     1%          2    N/A
c - Mephitic Cloud        Conj/Pois/Air  ###.....     10%         3    N/A
d - Conjure Flame         Conj/Fire      ####....     6%          3    N/A
e - Call Canine Familiar  Summ           #####...     1%          3    N/A
f - Slow                  Hex            ###.....     8%          2    N/A
g - Blink                 Tloc           N/A          10%         2    N/A

Dungeon Overview and Level Annotations

Branches:
Dungeon (11/15)            Temple (1/1) D:6            Lair (2/8) D:10
    Orc (1/4) D:11

Altars:
Ashenzari
Cheibriados
Dithmenos
Elyvilon
Fedhas
Gozag
Kikubaaqudgha
Makhleb
Nemelex Xobeh
Okawaru
Qazlal
Ru
Sif Muna
Trog
Vehumet
Xom
Yredelemnul
Zin
The Shining One
Beogh

Annotations:
D:3 Menchi's ghost, amateur HuAr
D:5 Grinder
D:10 Vex's ghost, novice TrMo


Innate Abilities, Weirdness & Mutations

You do not eat or drink.
Your flesh is vulnerable to fire.
You are immune to poison.
Your flesh is cold resistant.
You are immune to negative energy.
You are immune to unholy pain and torment.
You can survive without breathing.


Message History

You sock the orc!
You kill the orc!
Kikubaaqudgha accepts your kill.
The orc is engulfed in noxious fumes.
The orc appears confused.
The orc barely misses you. x3
The orc warrior hits you from afar with an enchanted glaive!!
The orc is engulfed in noxious fumes.
The orc appears confused.
The orc sorcerer casts a spell at you.
The bolt of fire hits the orc.
The orc dies!
The bolt of fire hits you! The fire burns you terribly!
* * * LOW HITPOINT WARNING * * *
2 orcs come into view.
Unknown command.
Unknown command.
The sixfirhy misses you. The sixfirhy completely misses you.
The orc warrior gestures wildly.
The orc hits you with a flail.
You die...
Kikubaaqudgha rasps: "You have failed me!
Welcome... oblivion!"

...#.....$.....
...$...........
#......o......#
#......o.....##
#$...........#
#....o.o......
#...o4.o.....
#.oo@o).....
##.o[o..o..#
#oooo$....#
#...o..o$...
#.........#o.
#..$......o..
...$....$.#..
...#...#..#..o


You could see a sixfirhy, an orc sorcerer, 4 orc warriors, an orc priest, an orc
wizard and 14 orcs.

Vanquished Creatures
  A death yak (Lair:1)
  An orc knight (D:11)
  The ghost of Xaiberja the Conjurer, a novice DsWz (D:9)
  Maurice (D:8)
  5 komodo dragons
  3 trolls
  9 yaks
  A human (D:8)
  2 wyverns
  3 hippogriffs (Lair:1)
  6 ogres
  12 orc warriors
  3 porcupines (Lair:1)
  A black bear (D:10)
  A sky beast (D:6)
  4 water moccasins
  11 ice beasts
  3 phantoms
  2 centaurs
  2 big kobolds
  2 crocodiles (Lair:1)
  A gnoll sergeant (D:9)
  7 giant frogs
  3 scorpions
  9 killer bees
  3 wights (D:6)
  A quasit (D:9)
  4 orc priests
  A centaur zombie (D:6)
  5 hounds
  A jelly (D:5)
  A giant frog skeleton (D:4)
  2 orc wizards
  3 centaur skeletons
  5 worker ants
  A killer bee zombie (D:8)
  2 sheep (D:8)
  A hound skeleton (D:9)
  Robin (D:3)
  3 gnolls (D:9)
  A worker ant zombie (D:5)
  11 adders
  24 river rats
  4 shadow imps
  An ooze (D:1)
  52 orcs
  7 bats
  6 giant cockroaches
  8 hobgoblins
  4 jackals
  5 quokkas
  A ball python (D:7)
  A giant cockroach zombie (D:5)
  5 giant geckos
  A giant gecko skeleton (D:6)
  5 giant newts
  12 goblins
  14 kobolds
  5 rats
295 creatures vanquished.

Vanquished Creatures (collateral kills)
  A hungry ghost (D:11)
  A shadow (D:11)
  A hog (D:8)
  A mottled dragon (D:11)
  2 centaurs
  A giant frog (D:7)
  2 killer bees (D:8)
  3 crimson imps
  A jelly (D:5)
  An orc wizard (D:6)
  An orc priest (D:6)
  An iguana (D:4)
  A sheep (D:8)
  2 worker ants (D:4)
  2 killer bee zombies
  A hound skeleton (D:6)
  2 adders
  A worm (D:4)
  5 orcs
  A quokka skeleton (D:4)
31 creatures vanquished.

Vanquished Creatures (others)
  A soldier ant (D:11)
  An orc (Orc:1)
  2 fungi
4 creatures vanquished.

Grand Total: 330 creatures vanquished

Notes
Turn   | Place    | Note
--------------------------------------------------------------
     0 | D:1      | Ishikawa the Mummy Wizard began the quest for the Orb.
     0 | D:1      | Reached XP level 1. HP: 13/13 MP: 4/4
    62 | D:1      | Reached skill level 1 in Conjurations
   198 | D:1      | Reached XP level 2. HP: 10/20 MP: 0/6
   205 | D:1      | Learned a level 2 spell: Call Imp
   441 | D:1      | Reached skill level 1 in Fighting
   807 | D:2      | Found an iron altar of Okawaru.
   885 | D:2      | Reached XP level 3. HP: 26/26 MP: 7/7
   934 | D:2      | Found a white marble altar of Elyvilon.
  1076 | D:2      | Reached skill level 1 in Summonings
  1177 | D:3      | Learned a level 3 spell: Mephitic Cloud
  1303 | D:3      | Reached XP level 4. HP: 25/33 MP: 1/9
  1313 | D:3      | Learned a level 3 spell: Conjure Flame
  1504 | D:3      | Noticed Menchi's ghost (amateur HuAr)
  1522 | D:3      | Noticed Robin
  1553 | D:3      | Killed Robin
  1902 | D:4      | Reached XP level 5. HP: 20/38 MP: 1/10
  2050 | D:4      | Reached skill level 1 in Air Magic
  2150 | D:4      | Reached skill level 1 in Poison Magic
  2370 | D:5      | Entered Level 5 of the Dungeon
  2412 | D:5      | Noticed a centaur
  2434 | D:5      | Reached skill level 1 in Shields
  2536 | D:5      | Killed a centaur
  2536 | D:5      | Reached XP level 6. HP: 23/44 MP: 5/11
  2675 | D:5      | Learned a level 3 spell: Call Canine Familiar
  2815 | D:5      | Reached skill level 4 in Spellcasting
  3168 | D:6      | Noticed Grinder
  3188 | D:5      | Reached XP level 7. HP: 42/50 MP: 3/13
  3827 | D:6      | Got a jade-encrusted scale mail
  3828 | D:6      | Identified the +1 scale mail "Naz Nore" {rElec rC+ Int+4} (You found it on level 6 of the Dungeon)
  3970 | D:6      | Reached XP level 8. HP: 31/57 MP: 2/15
  4117 | D:6      | Reached skill level 5 in Spellcasting
  4217 | D:6      | Found a staircase to the Ecumenical Temple.
  4224 | Temple   | Entered the Ecumenical Temple
  4465 | D:6      | Found a shadowy altar of Dithmenos.
  4625 | D:7      | Got an ebony rapier
  4626 | D:7      | Identified the cursed +2 rapier of the Hand {flame, Str-2 Dex+6} (You found it on level 7 of the Dungeon)
  4758 | D:7      | Found a glowing silver altar of Zin.
  4763 | D:7      | Found a sparkling altar of Nemelex Xobeh.
  4768 | D:7      | Found a deep blue altar of Sif Muna.
  5631 | D:8      | Reached XP level 9. HP: 65/65 MP: 14/17
  5941 | D:8      | Found a bloodstained altar of Trog.
  6214 | D:8      | Noticed Maurice
  6248 | D:8      | Killed Maurice
  6248 | D:8      | Reached skill level 5 in Fighting
  6248 | D:8      | Reached skill level 6 in Spellcasting
  6248 | D:8      | Reached skill level 5 in Conjurations
  6870 | D:9      | Noticed Xaiberja's ghost (novice DsWz)
  6904 | D:9      | Killed Xaiberja's ghost
  6904 | D:9      | Reached skill level 5 in Summonings
  7129 | D:9      | Found a bloodstained altar of Trog.
  7180 | D:9      | Reached XP level 10. HP: 73/76 MP: 16/19
  7372 | D:9      | Found a shattered altar of Ashenzari.
  7391 | D:9      | Reached skill level 1 in Armour
  7391 | D:9      | Reached skill level 1 in Fire Magic
  7485 | D:9      | Found an ancient bone altar of Kikubaaqudgha.
  7493 | D:9      | Became a worshipper of Kikubaaqudgha
  7566 | D:9      | Learned a level 2 spell: Slow
  7614 | D:9      | Reached skill level 7 in Spellcasting
  7766 | D:10     | Entered Level 10 of the Dungeon
  8141 | D:10     | Noticed Vex's ghost (novice TrMo)
  8546 | D:9      | Reached skill level 1 in Necromancy
  8551 | D:9      | Learned a level 2 spell: Blink
  8609 | D:10     | Reached skill level 1 in Hexes
  8691 | D:10     | Found a staircase to the Lair.
  9628 | D:11     | Found a stormy altar of Qazlal.
 10020 | D:11     | Found a roughly hewn altar of Beogh.
 10024 | D:11     | Found a staircase to the Orcish Mines.
 10599 | D:11     | Reached * piety under Kikubaaqudgha
 10599 | D:11     | Received a gift from Kikubaaqudgha
 10599 | D:11     | Reached XP level 11. HP: 71/81 MP: 4/22
 10600 | D:11     | Identified Kikubaaqudgha's Disquisition on Evil Arts (Kikubaaqudgha gifted it to you on level 11 of the Dungeon)
 10668 | Lair:1   | Entered Level 1 of the Lair of Beasts
 10679 | Lair:1   | Found a frozen archway.
 10831 | IceCv    | Entered an ice cave
 11243 | Lair:1   | Reached ** piety under Kikubaaqudgha
 11791 | Lair:2   | Noticed a death yak
 11795 | Lair:2   | Noticed a death yak
 11795 | Lair:2   | Noticed a death yak
 11796 | Lair:2   | Noticed a death yak
 11800 | Lair:2   | Noticed a death yak
 11802 | Lair:2   | Reached skill level 1 in Translocations
 11833 | Lair:1   | Killed a death yak
 11833 | Lair:1   | Reached skill level 8 in Spellcasting
 12226 | Orc:1    | Entered Level 1 of the Orcish Mines
 12348 | Orc:1    | HP: 3/81 [orc sorcerer/bolt of fire (39)]
 12349 | Orc:1    | Slain by an orc

Vault maps used:
D:1:      minmay_arrival_glassed_features, serial_bayou_ford_a
D:2:      elyvilon_altar_5, okawaru_ov_weapons_minmay
D:3:      uniq_robin
D:4:      kennysheep_generic_room_4
D:5:      first_bread
D:6:      minmay_temple_entry_nine_rooms, basic_altar, uniq_grinder
D:7:      minmay_overflow_temple_star_quad
D:8:      lemuel_round_altar, grunt_livestock, uniq_maurice
D:9:      overflow_temple_1_default, nicolae_overflow_crystal_walls,
          special_room, trog_three_pillars_becter
D:10:     lair_0_dummy
D:11:     david_orc_5, minmay_misc_feat_nine_boxes, grunt_qazlal_clouds
Temple:   circular_temple_12
Lair:1:   portal_ice_cave_entry_ice_beasts, beast_lair_carwin_11
Lair:2:   lemuel_fruit_tree
IceCv:    ice_cave_tombish

Action                   |  1- 3 |  4- 6 |  7- 9 | 10-12 || total
-------------------------+-------+-------+-------+-------++-------
Melee: Short sword       |    19 |       |       |       ||    19
       Club              |    20 |       |       |       ||    20
       Mace              |    42 |    48 |       |       ||    90
       Dagger            |       |    39 |       |       ||    39
       Flail             |       |    33 |   300 |   557 ||   890
       Rapier            |       |       |       |    10 ||    10
 Cast: Magic Dart        |    52 |    39 |   125 |    52 ||   268
       Call Imp          |     3 |    25 |    33 |    21 ||    82
       Mephitic Cloud    |       |    10 |    28 |    65 ||   103
       Call Canine Famil |       |     2 |    10 |    15 ||    27
       Conjure Flame     |       |     1 |     2 |    11 ||    14
       Blink             |       |       |       |     3 ||     3
Evoke: Wand              |       |       |       |     5 ||     5
  Use: Scroll            |       |     5 |     3 |    14 ||    22
 Stab: Confused          |       |     4 |     7 |    18 ||    29
       Distracted        |       |       |     2 |     1 ||     3
